 Dungeon Crawl Stone Soup version 0.20.1-1-g8b1a95d (webtiles) character file.

3382 Gremour the Carver (level 10, -9/56 HPs)
             Began as a Gargoyle Fighter on Nov 21, 2017.
             Was a Follower of Qazlal.
             Mangled by an orc warrior
             ... wielding a +0 glaive
              (19 damage)
             ... on level 8 of the Dungeon.
             The game lasted 00:34:22 (6591 turns).

Gremour the Carver (Gargoyle Fighter)               Turns: 6591, Time: 00:34:23

Health: -9/56      AC: 23    Str: 19    XL:     10   Next: 4%
Magic:  10/10      EV:  8    Int: 10    God:    Qazlal [*.....]
Gold:   122        SH:  0    Dex: 14    Spells: 9/9 levels left

rFire    + . .     SeeInvis .   a - +1 long sword
rCold    . . .     Gourm    .   F - +0 shield
rNeg     + . .     Faith    .   b - +0 scale mail
rPois    ∞         Spirit   .   s - +1 helmet
rElec    +         Reflect  .   (no cloak)
rCorr    .         Harm     .   q - +0 pair of gloves {archery}
MR       .....                  d - +1 pair of boots
Stlth    ..........             (no amulet)
Regen    0.2/turn               p - ring of protection from fire
MPRegen  0.2/turn               A - +4 ring of protection

@: confused
A: agile 1, blurry vision 1, negative energy resistance 1, electricity
resistance, unbreathing, petrification resistance, no potion heal 1, rot
immunity, AC +7
a: Renounce Religion


You were on level 8 of the Dungeon.
You worshipped Qazlal.
Qazlal was aware of your devotion.
You were hungry.

You visited 2 branches of the dungeon, and saw 9 of its levels.

You collected 347 gold pieces.
You spent 225 gold pieces at shops.

Inventory:

Hand Weapons
 a - a +1 long sword (weapon)
 y - a +0 long sword
Missiles
 h - 19 tomahawks (quivered)
Armour
 b - a +0 scale mail (worn)
 d - a +1 pair of boots (worn)
 q - a +0 pair of gloves of archery (worn)
 s - a +1 helmet (worn)
 F - a +0 shield (worn)
Jewellery
 p - a ring of protection from fire (left hand)
 u - an uncursed ring of flight
 A - a +4 ring of protection (right hand)
Wands
 c - a wand of polymorph (9/24)
 k - a wand of paralysis (2/24)
 x - a wand of iceblast (15/15)
 z - a wand of lightning (10/15)
 C - a wand of lightning (5/15)
 H - a wand of random effects (20/48)
Scrolls
 g - a scroll of remove curse
 i - 3 scrolls of identify
 j - a scroll of enchant armour
 r - 2 scrolls of blinking {unknown}
 t - 3 scrolls of magic mapping
 B - a scroll of recharging
 D - 3 scrolls of teleportation {unknown}
 I - a scroll of brand weapon {unknown}
Potions
 l - a potion of ambrosia
 n - a potion of brilliance
 w - a potion of magic
 E - 3 potions of curing
Books
 e - the Papyrus of Quantum Poison
   (You found it on level 6 of the Dungeon)

   Spells                             Type                      Level
   a - Sting                          Conjuration/Poison           1
   b - Apportation                    Translocation                1
   c - Recall                         Summoning/Translocation      3
   d - Malign Gateway                 Summoning/Translocation      7
   e - Disjunction                    Translocation                8
Comestibles
 f - 4 bread rations
 m - 2 fruits
 o - 3 meat rations
 v - 2 royal jellies
 G - 10 chunks of flesh


   Skills:
 - Level 3.2 Fighting
 + Level 11.5 Long Blades
 - Level 3.2 Armour
 + Level 7.1 Shields


You had 9 spell levels left.
You didn't know any spells.

Dungeon Overview and Level Annotations

Branches:
Dungeon (8/15)             Temple (1/1) D:4
   Lair: D:8-11

Altars:
Ashenzari
Dithmenos
Elyvilon
Fedhas
Gozag
Hepliaklqana
Kikubaaqudgha
Makhleb
Okawaru
Qazlal
Ru
Sif Muna
Trog
Uskayaw
Vehumet
Xom
Yredelemnul
Zin
The Shining One

Shops:
D:4 ?   D:5 (   D:6 *   D:7 *[[*   D:8 }


Innate Abilities, Weirdness & Mutations

You are resistant to torment.
Your stone body is resilient. (AC +7)
You are immune to poison.
You resist negative energy. (rN+)
You are resistant to electric shocks. (rElec)
You can survive without breathing.
You are immune to petrification.
You are immune to rotting.
You are agile. (Dex +2)
Scrolls take you a little longer to read.
Potions are less effective at restoring your health.


Message History

You completely miss the orc warrior.
The orc warrior is heavily wounded.
You block the orc warrior's attack.
A sky beast comes into view.
Your scale mail prevents you from hitting the orc warrior.
The orc warrior is heavily wounded.
The orc warrior hits you but does no damage.
You hit the orc warrior.
The orc warrior is heavily wounded.
The sky beast hits you but does no damage.
You completely miss the orc warrior.
The orc warrior is heavily wounded.
The orc warrior hits you with a glaive!
* * * LOW HITPOINT WARNING * * *
You block the sky beast's attack.
You are confused.
Your system partially rejects the healing.
You feel invigorated.
The orc warrior hits you with a glaive!!
You die...

..######### #..<).......#
..........###########..##
...........###### #..#
#.#######...h...# #..#
##.####.# #..# #.# #.#
#..# #.# #h# #.(# # #.#
#o# #..+ ##.# #.# #@#
##..#####...
#.####Y####.....#..#
#.#...)..............#
#....∩##.###......##.#
########.# #.#...###.#
#.# #.##.## #.. #.#
#.##.# #### #.# #.##.#
... #.##.#


You could see an orc warrior, a sky beast and a hound.

Vanquished Creatures
  Pikel (D:7)
  Joseph (D:7)
  Psyche (D:7)
  Prince Ribbit (D:7)
  A hippogriff (D:7)
  A water moccasin (D:8)
  A sky beast (D:5)
  2 slaves (D:7)
  3 ogres
  2 centaurs (D:6)
  3 bullfrogs
  Blork the orc (D:5)
  A scorpion (D:7)
  3 crimson imps
  3 hounds
  A quasit (D:8)
  A centaur zombie (D:7)
  2 jellies (D:6)
  7 orc wizards
  Terence (D:2)
  An iguana (D:7)
  7 worker ants
  2 hound zombies
  A hound skeleton (D:4)
  A worker ant zombie (D:6)
  8 adders
  A shadow imp (D:6)
  An ooze (D:2)
  4 worms
  24 orcs
  2 ball pythons
  6 giant cockroaches
  9 goblins
  8 hobgoblins
  3 jackals (D:3)
  4 bats
  3 frilled lizards
  8 kobolds
  2 leopard gecko skeletons
  8 rats
140 creatures vanquished.

Notes
Turn   | Place    | Note
-------+----------+-------------------------------------------
     0 | D:1      | Gremour the Gargoyle Fighter began the quest for the Orb.
     0 | D:1      | Reached XP level 1. HP: 14/14 MP: 1/1
    85 | D:1      | Reached skill level 2 in Long Blades
   405 | D:1      | Reached XP level 2. HP: 19/19 MP: 2/2
   547 | D:1      | You fall through a shaft!
   596 | D:2      | Reached skill level 3 in Long Blades
   596 | D:2      | Reached XP level 3. HP: 23/23 MP: 3/3
   898 | D:2      | Reached XP level 4. HP: 27/28 MP: 4/4
  1189 | D:2      | Noticed Terence
  1198 | D:2      | Killed Terence
  1198 | D:2      | Reached skill level 4 in Long Blades
  1556 | D:3      | Reached XP level 5. HP: 32/32 MP: 5/5
  2193 | D:4      | Found Rioqyran's Magic Scroll Shop.
  2211 | D:4      | Found a staircase to the Ecumenical Temple.
  2233 | Temple   | Entered the Ecumenical Temple
  2304 | Temple   | Became a worshipper of Qazlal Stormbringer
  2505 | D:4      | Noticed an ogre
  2518 | D:4      | Killed an ogre
  2518 | D:4      | Reached skill level 5 in Long Blades
  2518 | D:4      | Reached XP level 6. HP: 30/37 MP: 6/6
  2629 | D:4      | Reached skill level 6 in Long Blades
  3409 | D:4      | Reached XP level 7. HP: 37/41 MP: 7/7
  3727 | D:5      | Entered Level 5 of the Dungeon
  3766 | D:5      | Reached skill level 7 in Long Blades
  3770 | D:5      | Gained mutation: You are agile. (Dex +2) [mutagenic meat]
  3771 | D:5      | Gained mutation: Potions are less effective at restoring your health. [mutagenic meat]
  3772 | D:5      | Gained mutation: Scrolls take you a little longer to read. [mutagenic meat]
  3878 | D:5      | Noticed Blork the orc
  3888 | D:5      | Killed Blork the orc
  3934 | D:5      | Found a basalt altar of Yredelemnul.
  4108 | D:5      | Found a white marble altar of Elyvilon.
  4308 | D:5      | Found Anwen's Weapon Boutique.
  4382 | D:5      | Reached skill level 8 in Long Blades
  4419 | D:5      | Found a glowing silver altar of Zin.
  4682 | D:6      | Reached XP level 8. HP: 46/46 MP: 8/8
  4983 | D:6      | Reached skill level 9 in Long Blades
  5243 | D:6      | Found Zin's Purification Station.
  5248 | D:6      | Found a glowing silver altar of Zin.
  5312 | D:6      | Identified the Papyrus of Quantum Poison
  5444 | D:7      | Found Zibicse's Antique Armour Shop.
  5447 | D:7      | Bought a pair of embroidered gloves for 225 gold pieces
  5459 | D:7      | Found Myvofac's General Store.
  5520 | D:7      | Found a shadowy altar of Dithmenos.
  5628 | D:7      | Noticed Prince Ribbit
  5711 | D:7      | Reached * piety under Qazlal
  5730 | D:7      | Noticed Joseph
  5765 | D:7      | Killed Joseph
  5765 | D:7      | Reached skill level 10 in Long Blades
  5765 | D:7      | Reached XP level 9. HP: 46/51 MP: 9/9
  5771 | D:7      | Reached skill level 5 in Shields
  5803 | D:7      | Killed Prince Ribbit
  5904 | D:7      | Found Fyrid's General Store.
  5913 | D:7      | Found Kyrr's Armour Shoppe.
  5961 | D:7      | Noticed Pikel
  5980 | D:7      | Killed Pikel
  6167 | D:7      | Found Taaraf's Antique Armour Shop.
  6186 | D:7      | Reached skill level 11 in Long Blades
  6350 | D:8      | Noticed Psyche
  6390 | D:7      | Killed Psyche
  6449 | D:8      | Reached XP level 10. HP: 46/56 MP: 10/10
  6491 | D:8      | Found Dixtib's Gadget Emporium.
  6591 | D:8      | Mangled by an orc warrior

Skill      XL: |  1  2  3  4  5  6  7  8  9 10 |
---------------+-------------------------------+-----
Long Blades    | 2 3 4 5 6 8 10 11 | 11.5
Shields        | 4 6 7 |  7.1
Fighting       | |  3.2
Armour         | |  3.2

Action                   |  1- 3 |  4- 6 |  7- 9 | 10-12 || total
-------------------------+-------+-------+-------+-------++-------
Melee: Long sword        |    83 |   200 |   415 |    57 ||   755
Throw: Tomahawk          |     2 |     2 |     6 |       ||    10
  Use: Scroll            |       |       |    11 |       ||    11
       Potion            |       |       |     8 |     2 ||    10
 Stab: Invisible         |       |       |     1 |       ||     1
  Eat: Chunk             |       |     9 |    12 |       ||    21
       Royal jelly       |       |       |     1 |       ||     1
       Fruit             |       |       |     1 |       ||     1
Armor: Scale mail        |    38 |    79 |   197 |    33 ||   347
Dodge: Dodged            |    34 |    62 |    88 |     5 ||   189
Block: Shield            |    52 |    86 |   169 |    24 ||   331
       Rpst.: Long sword |    10 |    19 |    28 |     2 ||    59
